 Dungeon Crawl Stone Soup version 0.29-a0-717-g6dac4ea423 (webtiles) character file.

Game seed: 14752441257044750039

18 wingedge the Chiller (level 2, 19/19 HPs)
             Began as a Merfolk Ice Elementalist on June 26, 2022.
             Quit the game on level 1 of the Dungeon.
             The game lasted 00:07:18 (790 turns).

wingedge the Chiller (Merfolk Ice Elementalist)      Turns: 790, Time: 00:07:18

Health: 19/19      AC:  2    Str:  8    XL:     2   Next: 66%
Magic:  5/5        EV: 13    Int: 14    God:
Gold:   15         SH:  0    Dex: 14    Spells: 4/5 levels left

rFire   . . .      SeeInvis .   e - +0 dagger
rCold   . . .      Faith    .   (no shield)
rNeg    . . .      Spirit   .   a - +0 robe
rPois   .          Reflect  .   (no helmet)
rElec   .          Harm     .   (no cloak)
rCorr   .          Rampage  .   (no gloves)
Will    .....                   (no boots)
Stlth   ++........              (no amulet)
HPRegen 0.06/turn               (no ring)
MPRegen 0.09/turn               (no ring)

@: no status effects
A: (nimble swimmer 2), mertail
a: no special abilities


You were on level 1 of the Dungeon.
You visited 1 branch of the dungeon, and saw 1 of its levels.

You collected 15 gold pieces.

Inventory:

Hand Weapons
 e - a +0 dagger (weapon)
 g - a +0 long sword
Armour
 a - a +0 robe (worn)
Scrolls
 c - a scroll of identify {unknown}
 d - a scroll of noise {unknown}
Potions
 b - a potion of magic
 f - a potion of curing {unknown}


   Skills:
 + Level 0.0 Fighting
 - Level 3.0 Dodging
 - Level 2.3 Stealth
 + Level 2.0 Spellcasting
 + Level 5.0 Ice Magic


You had 4 spell levels left.
You knew the following spells:

 Your Spells              Type           Power      Damage    Failure   Level
a - Freeze                Ice            60%        1d8       3%          1

Your spell library contained the following spells:

 Spells                   Type           Power      Damage    Failure   Level
 Frozen Ramparts          Ice            30%        1d5       9%          3
 Ozocubu's Armour         Ice            15%        N/A       9%          3
 Shock                    Conj/Air       4%         1d3       24%         1
 Swiftness                Air            1%         N/A       56%         3
 Hailstorm                Conj/Ice       8%         3d4       63%         4
 Airstrike                Air            0%         N/A       93%         4


Dungeon Overview and Level Annotations

Branches:
Dungeon (1/15)

Altars:


Innate Abilities, Weirdness & Mutations

((You are very nimble when in or above water. (Stealth+, EV+, Speed+++)))
Your lower body shifts to a powerful aquatic tail in water.


Message History

a +0 short sword; 3 stones You hit the bat but do no damage.
The bat closely misses you.
Casting: Freeze (safe; 3% risk of failure)
Confirm with . or Enter, or press ? or * to list all spells.
Aiming: Freeze (safe; 3% risk of failure)
Press: ? - help, Shift-Dir - straight line, f - bat
Aim: a bat You freeze the bat.
You kill the bat!
You start resting.
Magic restored.
HP restored.
Found a dagger.
As you open the door, it creaks loudly!
There is an open door here.
Your legs become a tail as you enter the water.
You open the door.
There is an open door here.
An endoplasm comes into view.
An endoplasm is nearby!
The helpless endoplasm fails to defend itself.
You puncture the endoplasm!
You kill the endoplasm!
Your Ice Magic skill increases to level 5!
Found a long sword.
Found a stone staircase leading down.
You see here a +0 long sword.
You see here a +0 long sword.
g - a +0 long sword
There is a stone staircase leading down here.
A bat comes into view.
Found a book of Air and 5 gold pieces.
The helpless bat fails to defend itself.
You hit the bat.
You kill the bat!
You pick up a book of Air and begin reading...
You add the spells Shock, Swiftness and Airstrike to your library.
You now have 15 gold pieces (gained 5).
Okay, then.
Are you sure you want to abandon this character and quit the game? (Confirm with "yes".)

#.......#.........#....
#.......#.#####..##....
#.......#........###...
##.......+..............
##........####.....######
#........## #.....##
#........# #......#
#........# #......#####
#.......@# #...........
#.......## #.....#)....
#.......# #######.....
######### ##.... #..##
##.# #.## #..# #...


There were no monsters in sight!

Vanquished Creatures
  A dart slug (D:1)
  4 bats (D:1)
  2 endoplasms (D:1)
  A giant cockroach (D:1)
  A goblin (D:1)
  A hobgoblin (D:1)
  A ball python (D:1)
  A frilled lizard (D:1)
  2 kobolds (D:1)
  A rat (D:1)
15 creatures vanquished.

Notes
Turn   | Place    | Note
-------+----------+-------------------------------------------
     0 | D:1      | wingedge the Merfolk Ice Elementalist began the quest for
                  | the Orb.
     0 | D:1      | Reached XP level 1. HP: 13/13 MP: 3/3
   310 | D:1      | Reached XP level 2. HP: 16/19 MP: 0/5
   470 | D:1      | Found a faded altar of an unknown god.
   730 | D:1      | Reached skill level 5 in Ice Magic
   790 | D:1      | Quit the game

Illustrated notes

Levels and vault maps discovered:
D:1:      minmay_arrival_five_plusses, layout_basic,
          ebering_ecumenical_altar_box, minmay_liquid_box

Skill      XL: |  1  2 |
---------------+-------+-----
Dodging        | 3 |  3.0
Ice Magic      | 5 |  5.0
Stealth        | |  2.3
Spellcasting   | |  2.0

Action                   || total
-------------------------++-------
Melee: Dagger            ||    35
       Punch             ||     1
 Cast: Freeze            ||    13
 Stab: Sleeping          ||     2
Armor: Robe              ||    11
Dodge: Dodged            ||    20

Table legend: (Time is in decaauts)
 A = Elapsed time spent in this place.
 B = Non-inter-level travel time spent in this place.
 C = Inter-level travel time spent in this place.
 D = Time resting spent in this place.
 E = Time spent auto-exploring this place.
 F = Levels seen in this place.
 G = Mean time per level.
                   A        B        C        D        E       F      G
               +--------+--------+--------+--------+--------+-----+--------+
         Total |    788 |    788 |      0 |    239 |    154 |   1 |  788.0 |
       Dungeon |    788 |    788 |      0 |    239 |    154 |   1 |  788.0 |
               +--------+--------+--------+--------+--------+-----+--------+

Top non-repeatable levels by time:
     D:1: 788 daAuts
